Map: Sequencer LE

Players

Aka - Winner!

  • Race: Protoss Protoss
  • Spawn Location: 1:00

Coast

  • Race: Protoss Protoss
  • League: Platinum
  • Spawn Location: 7:00

VOD

Have the link to the VOD?

Description

Time

  • Played on: July 29, 2017, 1:17 p.m.
  • Length: 5:13
Show
View Real Time Build Order
Export as new Build Order

Aka Protoss - Winner!

Build Orders: Oracle Opening 

Get SALT Encoding   

  12  0:01  Probe (Chrono Boost)  
  13  0:11  Probe (Chrono Boost)  
  14  0:18  Pylon  
  14  0:25  Probe (Chrono Boost)  
  15  0:36  Gateway  
  15  0:39  Probe (Chrono Boost)  
  16  0:46  Assimilator  
  16  0:52  Assimilator  
  16  0:55  Probe (Chrono Boost)  
  17  1:06  Gateway  
  17  1:10  Probe (Chrono Boost)  
  19  1:28  Cybernetics Core  
  19  1:29  Probe (Chrono Boost)  
  19  1:40  Probe (Chrono Boost)  
  20  1:50  Probe (Chrono Boost)  
  21  2:04  Stalker (Chrono Boost)  
  23  2:11  Pylon  
  23  2:20  Warp Gate  
  23  2:29  Probe  
  26  2:34  Stalker x2 (Chrono Boost)  
  28  2:42  Probe, Stargate  
  29  2:56  Pylon  
  29  3:00  Stalker (Chrono Boost)  
  31  3:14  Pylon  
  31  3:15  Stalker (Chrono Boost)  
  33  3:25  Oracle (Chrono Boost)  
  36  3:31  Stalker  
  38  3:51  Stalker  
  40  4:04  Oracle (Chrono Boost)  
  41  4:25  Nexus  
  41  4:30  Pylon  
Show
View Real Time Build Order
Export as new Build Order

Coast Protoss 

Build Orders:  

Get SALT Encoding   

  12  0:00  Probe (Chrono Boost)  
  13  0:15  Probe (Chrono Boost)  
  14  0:25  Pylon  
  14  0:26  Probe (Chrono Boost)  
  15  0:43  Probe (Chrono Boost), Gateway  
  15  0:46  Assimilator  
  16  0:52  Assimilator  
  16  0:55  Probe (Chrono Boost)  
  17  1:07  Gateway  
  17  1:10  Probe (Chrono Boost)  
  18  1:20  Probe (Chrono Boost)  
  19  1:33  Probe (Chrono Boost)  
  19  1:34  Cybernetics Core  
  20  1:44  Probe (Chrono Boost)  
  20  1:45  Pylon  
  21  1:54  Probe (Chrono Boost)  
  23  2:08  Probe (Chrono Boost)  
  23  2:11  Warp Gate (Chrono Boost), Stalker x2  
  27  2:19  Probe  
  27  2:22  Pylon  
  28  2:31  Mothership Core  
  30  2:53  Probe  
  31  3:02  Nexus  
  31  3:07  Probe  
  32  3:13  Pylon  
  32  3:24  Probe  
  33  3:36  Robotics Facility  
  33  3:42  Twilight Council, Probe  
  34  4:08  Stalker x2  
  34  4:09  Pylon  
  38  4:26  Gateway  
  38  4:28  Probe x2 (Chrono Boost), Gateway  
  40  4:32  Stalker  
  41  4:46  Pylon x2  
  30  4:54  Stalker  
Tags
 
League
Platinum
Matchup
PvP
Spawn Locations
Cross Positions
Add a new tag
Caveats
  • Supply blocks, unpowered buildings, or Contaminate may cause inaccurate times.
  • Supply counts are checked every 10 seconds.